 Dungeon Crawl Stone Soup version 0.30.1-9-gdf580d7c3d (webtiles) character file.

Game seed: 371079265420388948

33012 Amplified the Peltast (level 14, -5/111 HPs)
             Began as a Formicid Fighter on Oct 11, 2023.
             Was a High Priest of Okawaru.
             Slain by a polar bear (13 damage)
             ... on level 3 of the Lair of Beasts.
             The game lasted 00:18:40 (14130 turns).

Amplified the Peltast (Formicid Fighter)           Turns: 14130, Time: 00:18:41

Health: -5/111     AC: 22    Str: 31    XL:     14   Next: 5%
Magic:  21/22      EV: 14    Int: 18    God:    Okawaru [*****.]
Gold:   233        SH: 10    Dex: 19    Spells: 13/13 levels left

rFire   . . .        w - +3 war axe
rCold   + . .        c - +0 buckler
rNeg    . . .        H - +5 ring mail of Submission {Dex+2}
rPois   .            (helmet unavailable)
rElec   +            m - +2 cloak
rCorr   .            o - +1 pair of gloves of Summer {rC+}
SInv    +            d - +1 pair of boots of Vomixtyg {rElec Int+3 Dex+4}
Will    +....        (no amulet)
Stlth   ++           e - +6 ring of intelligence
HPRegen 0.38/turn    p - +6 ring of strength
MPRegen 0.18/turn

%: no passive effects
@: heroic
A: permanent stasis, dig shafts and tunnels, antennae 3, four strong arms
a: Dig, Shaft Self, Renounce Religion, Heroism, Finesse, Duel


You were on level 3 of the Lair of Beasts.
You worshipped Okawaru.
Okawaru was extremely pleased with you.
You visited 3 branches of the dungeon, and saw 16 of its levels.

You collected 926 gold pieces.
You spent 693 gold pieces at shops.

Inventory:

Hand Weapons
 w - a +3 war axe (weapon)
 C - the +9 dagger "Amplified's Peril" {drain, rC+ Int+4}
   (You found it on level 10 of the Dungeon)

   Int:       It affects your intelligence (+4).
   rC:        It protects you from cold.
Missiles
 n - 50 poisoned darts (quivered)
Armour
 c - a +0 buckler (worn)
 d - the +1 pair of boots of Vomixtyg (worn) {rElec Int+3 Dex+4}
   (You acquired it on level 2 of the Dungeon)

   Int:       It affects your intelligence (+3).
   Dex:       It affects your dexterity (+4).
   rElec:     It insulates you from electricity.
 m - a +2 cloak (worn)
 o - the +1 pair of gloves of Summer (worn) {rC+}
   (You found it on level 2 of the Dungeon)

   rC:        It protects you from cold.
 q - +0 acid dragon scales
 u - the +0 scale mail "Hilukke Ovub" {-Cast rElec rC+ rN++}
   (You bought it in a shop on level 6 of the Dungeon)

   rC:        It protects you from cold.
   rElec:     It insulates you from electricity.
   rN:        It greatly protects you from negative energy.
   -Cast:     It prevents spellcasting.
 H - the +5 ring mail of Submission (worn) {Dex+2}
   (You bought it in a shop on level 10 of the Dungeon)

   Dex:       It affects your dexterity (+2).
 J - a scarf of shadows
Jewellery
 e - a +6 ring of intelligence (left hand)
 p - a +6 ring of strength (right hand)
 D - a +6 ring of dexterity
Wands
 r - a wand of digging (4)
 t - a wand of polymorph (9)
 B - a wand of flame (9)
 E - a wand of paralysis (11)
Scrolls
 b - 3 scrolls of identify
 f - 4 scrolls of immolation
 g - 6 scrolls of poison
 j - 3 scrolls of enchant armour
 k - 2 scrolls of amnesia
 y - a scroll of fog
 F - 2 scrolls of blinking
 G - 2 scrolls of fear
 K - a scroll of magic mapping
 L - a scroll of brand weapon
Potions
 a - a potion of brilliance
 h - 3 potions of haste
 i - 4 potions of curing
 l - a potion of flight
 s - 3 potions of lignification
 v - a potion of might
 x - 7 potions of mutation
 z - 3 potions of attraction
 A - a potion of invisibility
 I - a potion of ambrosia


   Skills:
 + Level 10.9(15.9) Fighting
 * Level 11.8(16.8) Axes
 + Level 10.8(15.8) Armour
 * Level 15.4(20.4) Shields
 * Level 11.6 Invocations


You had 13 spell levels left.
You didn't know any spells.
Your spell library contained the following spells:

 Spells                   Type           Power      Damage    Failure   Level
 Apportation              Tloc           0%         N/A       28%         1
 Freeze                   Ice            0%         1d3       28%         1
 Magic Dart               Conj           0%         1d3       28%         1
 Necrotise                Necr           0%         1d4       28%         1
 Shock                    Conj/Air       0%         1d3       28%         1
 Lesser Beckoning         Tloc           0%         N/A       41%         2
 Momentum Strike          Conj/Tloc      0%         3d8       41%         2
 Poisonous Vapours        Pois/Air       0%         N/A       41%         2
 Searing Ray              Conj           0%         2d4       41%         2
 Dazzling Flash           Conj/Hex       0%         N/A       65%         3
 Frozen Ramparts          Ice            0%         1d1       65%         3
 Hailstorm                Conj/Ice       0%         3d3       65%         3
 Mephitic Cloud           Conj/Pois/Air  0%         N/A       65%         3
 Spider Form              Tmut/Pois      0%         N/A       65%         3
 Volatile Blastmotes      Fire/Tloc      0%         2d10      65%         3
 Airstrike                Air            0%         2d(0-16)  96%         4
 Fulminant Prism          Conj/Hex       0%         3d5       96%         4
 Ice Form                 Ice/Tmut       0%         N/A       96%         4
 Iskenderun's Mystic Bla  Conj/Tloc      0%         2d3       96%         4
 Petrify                  Tmut/Erth      0%         N/A       96%         4
 Freezing Cloud           Conj/Ice/Air   0%         6-21      100%        5
 Starburst                Conj/Fire      0%         6d3       100%        6
 Summon Small Mammal      Summ           Unusable   N/A       N/A         1
 Blink                    Tloc           Unusable   N/A       N/A         2
 Swiftness                Air            Unusable   N/A       N/A         3

Dungeon Overview and Level Annotations

Branches:
Dungeon (12/15)            Temple (1/1) D:4            Lair (3/5) D:8
  Snake (0/4) Lair:3          Orc (0/2) D:10
  Swamp: Lair:2-3    Shoals: Lair:2-3

Altars:
Ashenzari
Cheibriados
Dithmenos
Elyvilon
Fedhas
Gozag
Hepliaklqana
Kikubaaqudgha
Makhleb
Nemelex Xobeh
Okawaru
Qazlal
Ru
Sif Muna
Trog
Uskayaw
Vehumet
Wu Jian
Xom
Yredelemnul
Zin
The Shining One

Shops:
D:3 :   D:6 [=[[   D:10 :[


Innate Abilities, Weirdness & Mutations

You cannot be hasted, slowed, berserked, paralysed or teleported.
You can dig through walls and to a lower floor.
You have a pair of large antennae on your head. (SInv)
Your four strong arms can wield two-handed weapons with a shield.


Message History

The polar bear is heavily wounded.
You slash the elephant! The elephant tramples you!
* * * LOW HITPOINT WARNING * * *
You stumble backwards!
Unknown command.
You hit the elephant but do no damage.
The elephant is severely wounded.
You hit the polar bear. The polar bear barely misses you.
The polar bear completely misses you. You block the polar bear's attack.
The elephant tramples you but does no damage.
The elephant misses you.
Unknown command.
You slice the elephant!!
You kill the elephant!
Okawaru accepts your kill.
You hit the polar bear but do no damage.
The polar bear barely misses you. You block the polar bear's attack.
The polar bear barely misses you.
Unknown command.
You barely miss the polar bear.
The polar bear is severely wounded.
Unknown command.
You hit the polar bear.
The polar bear is severely wounded.
You block the polar bear's attack.
The polar bear claws you but does no damage.
The polar bear misses you.
You hit the polar bear.
The polar bear is almost dead.
The polar bear goes berserk!
You slash the polar bear!
The polar bear is almost dead.
The polar bear bites you!
* * * LOW HITPOINT WARNING * * *
The polar bear claws you but does no damage.
You block the polar bear's attack.
You hit the polar bear but do no damage.
The polar bear is almost dead.
The polar bear bites you!
You die...

##..÷# #.÷.# ##
#.÷.# .#.# #...#
..P.######..#
.....#..#...##
#....P#.....##.
#P............
####@........#
###h†>...P..#
######...†..######
..P....P..(.###.##
.P.......#..###..##
......P#.##..†††..#
.######.##.....#...#
## ###.###.......
#.. ##.....


You could see a polar bear (berserk).

Vanquished Creatures
  Gastronok (Lair:2)
  2 hydras (Lair:2)
  2 two-headed ogres
  A boulder beetle (D:11)
  A tengu warrior (D:10)
  A skeletal warrior (D:10)
  An orc knight (D:10)
  Pikel (D:4)
  2 cyclopes
  An ugly thing (D:7)
  11 elephants
  2 black mambas (Lair:3)
  A gargoyle (D:10)
  An unseen horror (shapeshifter) (D:10)
  5 cane toads
  2 kobold demonologists
  5 komodo dragons
  2 rime drakes (Lair:2)
  A meliai (D:10)
  5 trolls
  A polar bear (Lair:1)
  2 hornets
  4 blink frogs (Lair:1)
  5 dream sheep (Lair:3)
  Sigmund (D:2)
  2 shadows (D:7)
  A vampire (D:10)
  3 wyverns
  22 yaks
  2 wraiths
  2 basilisks
  4 vampire mosquitoes
  Grum (D:11)
  4 acid dragons
  Duvessa (D:4)
  13 water moccasins
  9 orc warriors
  4 sky beasts
  6 black bears
  3 ice beasts
  3 wolves (D:11)
  A centaur (D:10)
  3 ogres
  4 kobold brigands
  12 bullfrogs
  4 scorpions
  A gnoll sergeant (D:11)
  10 wights
  Dowan (D:4)
  5 killer bees
  A howler monkey (D:7)
  8 hounds
  2 jellies
  12 orc priests
  A gnoll bouda (D:5)
  5 sleepcaps
  Jessica (D:2)
  An iguana (D:6)
  Natasha (twice) (D:4)
  22 orc wizards
  11 gnolls
  5 adders
  3 shadow imps
  A white imp (D:7)
  2 ufetubi
  4 dart slugs
  67 orcs
  5 endoplasms
  3 giant cockroaches
  8 goblins
  7 hobgoblins
  3 jackals (D:5)
  13 ball pythons
  5 bats
  8 frilled lizards
  18 kobolds
  4 rats
404 creatures vanquished.

Notes
Turn   | Place    | Note
-------+----------+-------------------------------------------
     0 | D:1      | Amplified the Formicid Fighter began the quest for the Orb.
     0 | D:1      | Reached XP level 1. HP: 18/18 MP: 1/1
    57 | D:1      | Reached XP level 2. HP: 24/24 MP: 2/2
   135 | D:1      | Reached XP level 3. HP: 29/29 MP: 3/3
   829 | D:2      | Identified the +1 pair of gloves of Summer {rC+}
   857 | D:2      | Noticed Sigmund
   872 | D:2      | Killed Sigmund
   873 | D:2      | Reached skill level 5 in Shields
   873 | D:2      | Reached XP level 4. HP: 31/38 MP: 4/4
   873 | D:2      | Reached XP level 5. HP: 35/43 MP: 5/5
   873 | D:2      | Reached XP level 6. HP: 40/49 MP: 6/6
  1027 | D:2      | Noticed Jessica
  1038 | D:2      | Killed Jessica
  1101 | D:2      | Identified a scroll of acquirement
  1102 | D:2      | Acquired the +1 pair of boots of Vomixtyg {rElec Int+3
                  | Dex+4}
  1638 | D:3      | Found Plog's Book Boutique.
  1651 | D:3      | Reached XP level 7. HP: 42/54 MP: 7/7
  1996 | D:3      | Found a shimmering blue altar of Sif Muna.
  2274 | D:4      | Noticed Natasha
  2281 | D:4      | Killed Natasha
  2282 | D:4      | Reached skill level 5 in Armour
  2303 | D:4      | Reached skill level 5 in Fighting
  2338 | D:4      | Found a staircase to the Ecumenical Temple.
  2348 | Temple   | Entered the Ecumenical Temple
  2558 | D:4      | Reached skill level 6 in Shields
  2562 | D:4      | Noticed Dowan
  2562 | D:4      | Noticed Duvessa
  2584 | D:4      | Killed Duvessa
  2602 | D:4      | Killed Dowan
  3069 | D:4      | Noticed Pikel
  3082 | D:4      | Killed Pikel
  3083 | D:4      | Reached skill level 5 in Axes
  3083 | D:4      | Reached skill level 7 in Shields
  3083 | D:4      | Reached XP level 8. HP: 51/64 MP: 8/8
  3249 | D:4      | Noticed Natasha
  3254 | D:4      | Killed Natasha
  3272 | D:4      | Found a burning altar of Makhleb.
  3275 | D:4      | Found a broken altar of Ashenzari.
  3381 | D:5      | Entered Level 5 of the Dungeon
  3540 | D:5      | Reached XP level 9. HP: 58/71 MP: 9/9
  3679 | D:5      | Reached skill level 8 in Shields
  4553 | D:6      | Found Oseggywk's Jewellery Shoppe.
  4554 | D:6      | Found Bialurch's Antique Armour Shoppe.
  4640 | D:6      | Found Loth's Antique Armour Shoppe.
  4640 | D:6      | Found Usuac's Antique Armour Shoppe.
  4915 | D:6      | Reached skill level 9 in Shields
  5003 | D:6      | Found a runed translucent door.
  5214 | D:6      | Found a shadowy altar of Dithmenos.
  5488 | D:7      | Found an iron altar of Okawaru.
  5535 | D:7      | Became a worshipper of Warmaster Okawaru
  5603 | D:7      | Reached XP level 10. HP: 72/80 MP: 10/10
  5649 | D:7      | Noticed a two-headed ogre
  5658 | D:7      | You fall into a shaft and drop 1 floor!
  5778 | D:8      | Reached skill level 1 in Invocations
  6311 | D:7      | Reached * piety under Okawaru
  6312 | D:7      | Reached skill level 10 in Shields
  6491 | D:7      | Noticed a cyclops
  6491 | D:7      | Noticed a brown ugly thing
  6514 | D:7      | You fall into a shaft and drop 1 floor!
  6809 | D:8      | Found a staircase to the Lair.
  7185 | D:9      | Reached ** piety under Okawaru
  7683 | D:6      | Bought a faintly humming scale mail for 270 gold pieces
  7683 | D:6      | Identified the +0 scale mail of Evolution {Dex+3} (You
                  | bought it in a shop on level 6 of the Dungeon)
  7735 | D:6      | Reached skill level 5 in Invocations
  7745 | D:6      | Reached XP level 11. HP: 72/87 MP: 12/14
  7780 | D:6      | Reached skill level 11 in Shields
  8019 | D:7      | You fall into a shaft and drop 3 floors!
  8019 | D:10     | Entered Level 10 of the Dungeon
  8019 | D:10     | Found a white marble altar of Elyvilon.
  8123 | D:10     | Noticed an orc knight
  8135 | D:10     | Killed an orc knight
  8204 | D:10     | Reached *** piety under Okawaru
  8249 | D:10     | Found Xol Qonn's Book Shoppe.
  8262 | D:10     | Found Hibih's Antique Armour Boutique.
  8298 | D:10     | Noticed a two-headed ogre
  8308 | D:10     | Killed a two-headed ogre
  8401 | D:10     | Reached skill level 12 in Shields
  8485 | D:10     | Found a hazy altar of Hepliaklqana.
  8646 | D:10     | Noticed a tengu warrior
  8656 | D:10     | Killed a tengu warrior
  8684 | D:10     | Noticed a cyclops
  8697 | D:10     | Killed a cyclops
  8698 | D:10     | Reached XP level 12. HP: 52/95 MP: 15/17
  8707 | D:10     | Identified the +9 dagger "Amplified's Peril" {drain, rC+
                  | Int+4}
  8856 | D:10     | Noticed a skeletal warrior
  8864 | D:10     | Reached **** piety under Okawaru
  8869 | D:10     | Killed a skeletal warrior
  9035 | D:10     | Reached skill level 13 in Shields
  9061 | D:10     | Found a staircase to the Orcish Mines.
  9291 | D:7      | Reached skill level 10 in Axes
  9557 | D:7      | Killed a two-headed ogre
  9800 | D:6      | Bought a shimmering scale mail for 234 gold pieces
  9800 | D:6      | Identified the +0 scale mail "Hilukke Ovub" {-Cast rElec
                  | rC+ rN++} (You bought it in a shop on level 6 of the
                  | Dungeon)
 10116 | D:11     | Noticed a boulder beetle
 10176 | D:10     | Bought a faintly glowing ring mail for 189 gold pieces
 10176 | D:10     | Identified the +5 ring mail of Submission {Dex+2} (You
                  | bought it in a shop on level 10 of the Dungeon)
 10533 | D:11     | Noticed Grum
 10553 | D:11     | Reached skill level 10 in Fighting
 10559 | D:11     | Killed Grum
 10713 | D:11     | Reached skill level 10 in Armour
 10962 | D:11     | Reached XP level 13. HP: 76/103 MP: 20/20
 11066 | D:11     | Reached skill level 14 in Shields
 11455 | Lair:1   | Entered Level 1 of the Lair of Beasts
 11513 | Lair:1   | Reached skill level 10 in Invocations
 11573 | Lair:1   | Reached ***** piety under Okawaru
 12350 | Lair:2   | Got Dotrom's Compilation of Modification
 12739 | Lair:2   | Noticed Gastronok
 12751 | Lair:2   | Killed Gastronok
 12751 | Lair:2   | Received a gift from Okawaru
 12758 | Lair:2   | Identified the +3 war axe "Earthworm" {pain, SInv}
 12849 | Lair:2   | Noticed a five-headed hydra
 12881 | Lair:2   | Killed a five-headed hydra
 13215 | Lair:2   | Identified the +8 falchion "Wuafaggaylu" {spect, *Corrode
                  | rPois SInv}
 13258 | Lair:2   | Noticed a four-headed hydra
 13275 | Lair:2   | Killed a five-headed hydra
 13276 | Lair:2   | Reached skill level 15 in Shields
 13822 | Lair:3   | Found a staircase to the Snake Pit.
 14112 | Lair:3   | Received a gift from Okawaru
 14113 | Lair:3   | Reached XP level 14. HP: 53/111 MP: 19/22
 14130 | Lair:3   | Slain by a polar bear

Illustrated notes

Levels and vault maps discovered:
D:1:      saegor_arrival_simple_d, layout_basic, palyth_stone_intersect
D:2:      layout_basic, minivault_26, uniq_jessica, uniq_sigmund
D:3:      layout_basic, mainiacjoe_overflow_24_doors, serial_shops, shop,
          serial_rivers, chequers_serial_rivers_micro_b,
          chequers_serial_rivers_micro_b, chequers_serial_rivers_small_b,
          chequers_serial_rivers_large_b, chequers_serial_rivers_micro_e,
          chequers_serial_rivers_micro_d, minmay_misc_feat_rugged
D:4:      layout_loops_cross, nicolae_overflow_hidden_temple,
          minmay_temple_entry_slanted, uniq_duvessa, uniq_natasha, uniq_pikel
D:5:      layout_basic, minmay_stone_trees_small
D:6:      layout_loops_ring, nicolae_overflow_crystal_walls,
          minmay_shop_grid_forest, lightli_church_of_beogh
D:7:      nzn_winding_woodlands_cross [nzn_winding_woodlands_5x15_garden,
          nzn_winding_woodlands_5x15_concentric,
          nzn_winding_woodlands_5x15_parted,
          nzn_winding_woodlands_5x15_longhouse,
          nzn_winding_woodlands_15x15_killbox], layout_basic,
          okawaru_gym_becter, kennysheep_cluttered_room
D:8:      layout_rooms, grunt_lair_entry_orc_guard_hut
D:9:      layout_basic, minmay_misc_feat_hallway
D:10:     kennysheep_windowed_halls, layout_rooms, amcnicky_altar_gilded,
          kennysheep_mini, david_orc_4, serial_shops, shop,
          nicolae_diamond_shop, minivault_20, minmay_misc_feat_x, minivault_19
D:11:     layout_roguey, chequers_decorated_corner, lemuel_flamethrower_1,
          uniq_grum
D:12:     layout_basic, serial_shops, kennysheep_little_box,
          minmay_beelzebubs_servants
Temple:   bh_familiar_temple
Lair:1:   layout_loops_ring, chequers_serial_rivers_micro_d
Lair:2:   layout_concentric_octagons, beast_lair_carwin_6, grunt_megastairs_3,
          uniq_gastronok
Lair:3:   layout_chaotic_city, minmay_shoals_entry_beasts,
          minmay_snake_entry_six_corridors

Skill      XL: |  1  2  3  4  5  6  7  8  9 10 11 12 13 |
---------------+----------------------------------------+-----
Fighting       | 4 6 7 8 9 10 | 10.9
Axes           | 3 5 6 8 9 10 11 | 11.8
Armour         | 4 6 7 8 9 10 | 10.8
Shields        | 5 7 9 10 12 13 15 | 15.4
Invocations    | 5 7 9 11 | 11.6

Action                     |  1- 3 |  4- 6 |  7- 9 | 10-12 | 13-15 || total
---------------------------+-------+-------+-------+-------+-------++-------
  Melee: War axe           |    75 |    68 |   261 |   599 |   278 ||  1281
         Dagger            |       |       |       |       |    17 ||    17
  Throw: Dart              |       |       |    10 |       |       ||    10
 Invoke: Heroism           |       |       |       |    24 |     8 ||    32
Ability: Dig               |       |     1 |     1 |       |       ||     2
         Shaft Self        |       |       |       |     3 |       ||     3
  Evoke: Wand              |       |       |     2 |     7 |     3 ||    12
    Use: Scroll            |     3 |     4 |     5 |     6 |     4 ||    22
         Potion            |     1 |     1 |     5 |     3 |       ||    10
   Stab: Invisible         |       |       |     1 |       |       ||     1
         Petrifying        |       |       |       |     1 |       ||     1
         Paralysed         |       |       |       |       |     2 ||     2
         Distracted        |       |       |       |       |     1 ||     1
 Armour: Scale mail        |    30 |    30 |   142 |    90 |       ||   292
         Skin              |       |       |    12 |       |       ||    12
         Acid dragon scale |       |       |       |    23 |       ||    23
         Troll leather arm |       |       |       |    92 |       ||    92
         Ring mail         |       |       |       |    40 |   161 ||   201
  Dodge: Dodged            |    41 |    35 |    98 |   256 |   127 ||   557
  Block: Buckler           |    24 |    18 |    82 |   239 |   121 ||   484
